 Dungeon Crawl Stone Soup version 0.22-a0-253-gf9d0ce56dd (webtiles) character file.

5421 Peterchen the Severer (level 10, -7/77 HPs)
             Began as a Minotaur Berserker on Mar 3, 2018.
             Was an Elder of Trog.
             Mangled by a death yak (24 damage)
             ... on level 8 of the Dungeon.
             The game lasted 00:13:16 (5962 turns).

Peterchen the Severer (Minotaur Berserker)          Turns: 5962, Time: 00:13:17

Health: -7/77      AC:  9    Str: 25    XL:     10   Next: 40%
Magic:  9/9        EV:  9    Int:  4    God:    Trog [****..]
Gold:   239        SH:  0    Dex: 10    Spells: 9/9 levels left

rFire    + . .     SeeInvis .   r - +2 war axe (elec)
rCold    + . .     Gourm    .   (no shield)
rNeg     + . .     Faith    .   n - +0 chain mail
rPois    +         Spirit   .   (helmet restricted)
rElec    .         Reflect  .   u - scarf {rC+ rF+}
rCorr    .         Harm     .   e - +0 pair of gloves
MR       .....                  (no boots)
Stlth    ..........             (no amulet)
HPRegen  0.22/turn              g - ring of poison resistance
MPRegen  0.11/turn              v - ring of positive energy

@: berserk cooldown, slowed, very slow
A: retaliatory headbutt, horns 2
a: Berserk, Trog's Hand, Brothers in Arms, Renounce Religion


You were on level 8 of the Dungeon.
You worshipped Trog.
Trog was greatly pleased with you.
You were hungry.

You visited 1 branch of the dungeon, and saw 8 of its levels.

You collected 369 gold pieces.
You spent 130 gold pieces at shops.

Inventory:

Hand Weapons
 r - a +2 war axe of electrocution (weapon)
Armour
 e - a +0 pair of gloves (worn)
 n - a +0 chain mail (worn)
 u - a scarf of resistance (worn)
Jewellery
 g - a ring of poison resistance (left hand)
 t - an uncursed ring of ice
 v - a ring of positive energy (right hand)
 D - an uncursed ring of magical power {unknown}
 E - a +4 ring of protection {unknown}
Wands
 q - a wand of flame (14)
Scrolls
 a - a scroll of blinking
 b - 6 scrolls of teleportation {unknown}
 f - 2 scrolls of enchant weapon
 i - a scroll of random uselessness
 j - 3 scrolls of enchant armour
 l - 2 scrolls of fog
 o - 5 scrolls of remove curse
 w - a scroll of magic mapping {unknown}
 x - a scroll of amnesia {unknown}
 y - a scroll of noise {unknown}
 A - 4 scrolls of identify
Potions
 d - 2 potions of heal wounds {unknown}
 h - 2 potions of flight {unknown}
 k - 2 potions of degeneration {unknown}
 m - 5 potions of curing {unknown}
 p - a potion of cancellation {unknown}
 s - a potion of mutation {unknown}
 z - a potion of agility
 B - a potion of lignification {unknown}
Comestibles
 c - 14 rations


   Skills:
 - Level 3.6 Fighting
 * Level 17.4 Axes
 - Level 2.4 Armour
 - Level 2.1 Dodging


You had 9 spell levels left.
You didn't know any spells.

Dungeon Overview and Level Annotations

Branches:
Dungeon (8/15)             Temple (0/1) D:7            Lair (0/6) D:8

Altars:
Elyvilon
Gozag
Hepliaklqana
Makhleb
Okawaru
Qazlal
Sif Muna
Uskayaw
Vehumet
Yredelemnul
Zin

Shops:
D:5 *

Annotations:
D:7 exclusion: ice statue


Innate Abilities, Weirdness & Mutations

You reflexively headbutt those who attack you in melee.
You have a pair of horns on your head.


Message History

You closely miss the yak. The death yak barely misses you.
The yak barely misses you.
You hit the death yak.
The death yak is almost dead.
You hit the yak. The death yak gores you. The yak barely misses you.
You hit the death yak but do no damage.
The death yak is almost dead.
You hit the yak. Lightning courses through the yak!
You kill the yak!
Trog accepts your kill. The death yak gores you!
* * * LOW HITPOINT WARNING * * *
A yak comes into view.
The yak bellows!
You slash the death yak!
The death yak is almost dead.
You barely miss the jackal. The jackal closely misses you.
The death yak gores you but does no damage.
The death yak gores you!!
You die...

...
......##
....#......
#.>.#.....#
..........
.#
)........#
#.#
......hK.
#.#
..Y..hYY#
#.# #@# #.#
#.####.#
#.##.#.#
#......#
#..###.##
#....##.#
##.#.#.##
#..<.##
#.#.##


You could see a death yak, 2 yaks, a big kobold and 2 jackals.

Vanquished Creatures
  2 death yaks (D:8)
  Pikel (D:7)
  The ghost of motoroller71 the Shield-Bearer, a novice GnFi (D:6)
  Joseph (D:7)
  Grinder (D:6)
  Sigmund (D:3)
  Eustachio (D:6)
  2 yaks (D:8)
  An ice beast (D:6)
  A black bear (D:7)
  2 sky beasts
  A phantom (D:4)
  3 slaves (D:7)
  An ogre (D:6)
  A centaur (D:4)
  4 bullfrogs
  2 scorpions
  2 howler monkeys
  3 crimson imps
  3 hounds
  3 jellies
  3 centaur skeletons
  2 orc priests (D:4)
  Crazy Yiuf (D:6)
  A gnoll shaman (D:4)
  7 orc wizards
  Natasha (thrice) (D:2)
  2 worker ants
  A howler monkey zombie (D:5)
  A worker ant zombie (D:5)
  9 adders
  13 gnolls
  3 shadow imps
  2 oozes
  An adder skeleton (D:4)
  A worm (D:4)
  A dart slug (D:1)
  2 leopard geckos
  40 orcs
  2 ball pythons
  2 bats
  6 giant cockroaches
  3 goblins
  A hobgoblin (D:1)
  4 kobolds
  A quokka (D:5)
  3 frilled lizards
  A jackal skeleton (D:5)
  A leopard gecko skeleton (D:6)
  A rat (D:3)
  2 butterflies (D:7)
157 creatures vanquished.

Notes
Turn   | Place    | Note
-------+----------+-------------------------------------------
     0 | D:1      | Peterchen the Minotaur Berserker began the quest for the Orb.
     0 | D:1      | Reached XP level 1. HP: 19/19 MP: 0/0
    49 | D:1      | Reached skill level 4 in Axes
   728 | D:2      | Reached XP level 2. HP: 26/26 MP: 1/1
  1373 | D:2      | Reached skill level 5 in Axes
  1373 | D:2      | Reached XP level 3. HP: 29/31 MP: 2/2
  1489 | D:2      | Noticed Natasha
  1494 | D:2      | Killed Natasha
  1547 | D:2      | Noticed Natasha
  1556 | D:2      | Killed Natasha
  1556 | D:2      | Reached skill level 6 in Axes
  1556 | D:2      | Reached XP level 4. HP: 23/39 MP: 3/3
  1562 | D:2      | Noticed Natasha
  1569 | D:2      | Killed Natasha
  1877 | D:3      | Reached ** piety under Trog
  2109 | D:3      | Noticed Sigmund
  2119 | D:3      | Killed Sigmund
  2119 | D:3      | Reached skill level 8 in Axes
  2119 | D:3      | Reached XP level 5. HP: 36/45 MP: 4/4
  2119 | D:3      | Reached XP level 6. HP: 41/51 MP: 5/5
  2470 | D:4      | Reached skill level 9 in Axes
  2704 | D:4      | Reached XP level 7. HP: 47/57 MP: 6/6
  2774 | D:4      | Reached skill level 10 in Axes
  2874 | D:4      | Reached *** piety under Trog
  3122 | D:4      | Reached skill level 11 in Axes
  3326 | D:4      | Found a burning altar of Makhleb.
  3327 | D:4      | Found a radiant altar of Vehumet.
  3330 | D:4      | Reached XP level 8. HP: 64/64 MP: 7/7
  3430 | D:5      | Entered Level 5 of the Dungeon
  3540 | D:5      | Found a basalt altar of Yredelemnul.
  3543 | D:5      | Reached skill level 12 in Axes
  3593 | D:5      | Found a glowing silver altar of Zin.
  3595 | D:5      | Found a stormy altar of Qazlal.
  3622 | D:5      | Reached **** piety under Trog
  3769 | D:5      | Found a hazy altar of Hepliaklqana.
  3775 | D:5      | Found a deep blue altar of Sif Muna.
  3775 | D:5      | Found an opulent altar of Gozag.
  3776 | D:5      | Found an iron altar of Okawaru.
  3777 | D:5      | Found a white marble altar of Elyvilon.
  3780 | D:5      | Found a hide-covered altar of Uskayaw.
  3826 | D:5      | Found Ydwis Deq's Assorted Antiques.
  3829 | D:5      | Bought a scroll labeled APOCAL HAZAI for 26 gold pieces
  3829 | D:5      | Bought a scroll of identify for 52 gold pieces
  3829 | D:5      | Bought a scroll labeled SIMNIJU FARYRPH for 26 gold pieces
  3829 | D:5      | Bought a scroll labeled OVOIWKYGGO for 26 gold pieces
  4090 | D:6      | Noticed Grinder
  4098 | D:6      | Noticed motoroller71's ghost (novice GnFi)
  4105 | D:6      | Killed motoroller71's ghost
  4105 | D:6      | Reached skill level 13 in Axes
  4108 | D:6      | Killed Grinder
  4108 | D:6      | Reached skill level 14 in Axes
  4108 | D:6      | Reached XP level 9. HP: 59/70 MP: 8/8
  4695 | D:6      | Found a runed door.
  4843 | D:6      | Noticed Eustachio
  4871 | D:6      | Killed Eustachio
  5005 | D:6      | Noticed Crazy Yiuf
  5009 | D:6      | Killed Crazy Yiuf
  5059 | D:7      | Reached skill level 15 in Axes
  5065 | D:7      | Noticed an ice statue
  5351 | D:7      | Found a staircase to the Ecumenical Temple.
  5392 | D:7      | Noticed Pikel
  5419 | D:7      | Killed Pikel
  5419 | D:7      | Received a gift from Trog
  5500 | D:7      | Noticed Joseph
  5503 | D:7      | Killed Joseph
  5503 | D:7      | Reached skill level 16 in Axes
  5934 | D:8      | Noticed a death yak
  5936 | D:8      | Noticed a death yak
  5936 | D:8      | Found a staircase to the Lair.
  5937 | D:8      | Noticed a death yak
  5948 | D:8      | Killed a death yak
  5948 | D:8      | Reached XP level 10. HP: 67/77 MP: 9/9
  5952 | D:8      | Killed a death yak
  5952 | D:8      | Reached skill level 17 in Axes
  5962 | D:8      | Mangled by a death yak

Vault maps used:
D:1:      dpeg_arrival_rhombi
D:2:      uniq_natasha
D:3:      uniq_sigmund
D:4:      grunt_temple_overflow_lords_of_destruction
D:5:      minitemple, first_ration, serial_shops, nicolae_shop_window_shopping
D:6:      uniq_crazy_yiuf_cottage, uniq_grinder, uniq_eustachio
D:7:      lemuel_ice_statue, minmay_temple_entry_butterflies,
          corexii_hall_statues_i, uniq_pikel, uniq_joseph
D:8:      nicolae_ru_the_path_less_chosen, dpeg_lair_monsters, serial_shops,
          nicolae_shop_stone, uniq_erica

Skill      XL: |  1  2  3  4  5  6  7  8  9 10 |
---------------+-------------------------------+-----
Axes           | 4 5 6 8 9 11 14 16 17 | 17.4
Fighting       | |  3.6
Armour         | |  2.4
Dodging        | |  2.1

Action                   |  1- 3 |  4- 6 |  7- 9 | 10-12 || total
-------------------------+-------+-------+-------+-------++-------
Melee: Hand axe          |    45 |    43 |       |       ||    88
       Headbutt          |     5 |    20 |    30 |     4 ||    59
       War axe           |       |    26 |   226 |    13 ||   265
Invok: Berserk           |     1 |     3 |     4 |       ||     8
       Trog's Hand       |       |     1 |       |       ||     1
       Brothers in Arms  |       |       |     1 |       ||     1
  Use: Scroll            |       |     5 |     1 |       ||     6
  Eat: Chunk             |     3 |     6 |    14 |       ||    23
Armor: Animal skin       |     6 |       |       |       ||     6
       Chain mail        |     6 |    34 |    76 |     4 ||   120
Dodge: Dodged            |    23 |    35 |    94 |     6 ||   158

Table legend:
 A = Spawn XP
 B = Non-spawn XP
 C = Spawn XP percentage of total XP
 D = Spawn monster count
 E = Non-spawn monster count
 F = Spawn count percentage of total count
 G = Total turns spent on level
                    A         B        C        D         E        F      G
               +---------+---------+-------+---------+---------+-------+---------
         Total |       0 |    7745 |   0.0 |       0 |     152 |   0.0 |  5962
               +---------+---------+-------+---------+---------+-------+---------
           D:1 |       0 |      11 |   0.0 |       0 |       5 |   0.0 |   786
           D:2 |       0 |     143 |   0.0 |       0 |      12 |   0.0 |  1058
           D:3 |       0 |     307 |   0.0 |       0 |      20 |   0.0 |   727
           D:4 |       0 |     974 |   0.0 |       0 |      39 |   0.0 |   859
           D:5 |       0 |     582 |   0.0 |       0 |      34 |   0.0 |   642
           D:6 |       0 |    1893 |   0.0 |       0 |      24 |   0.0 |   968
           D:7 |       0 |    1606 |   0.0 |       0 |      11 |   0.0 |   883
           D:8 |       0 |    2229 |   0.0 |       0 |       7 |   0.0 |    39
               +---------+---------+-------+---------+---------+-------+---------
